 Dungeon Crawl Stone Soup version 0.26.1-2-gb8aa6d0cf2 (webtiles) character file.

Game seed: 10129964266619560998

308 Contigo the Magician (level 6, -3/41 HPs)
             Began as a Mummy Hedge Wizard on Mar 2, 2021.
             Was an Initiate of Vehumet.
             Slain by a centaur zombie (5 damage)
             ... on level 5 of the Dungeon.
             The game lasted 00:21:04 (12880 turns).

Contigo the Magician (Mummy Hedge Wizard)          Turns: 12880, Time: 00:21:04

Health: -3/41      AC:  4    Str: 13    XL:     6   Next: 17%
Magic:  10/14      EV: 13    Int: 16    God:    Vehumet [......]
Gold:   172        SH:  0    Dex: 11    Spells: 7/15 levels left

rFire    x . .     SeeInvis .   e - +3 dagger
rCold    + . .     Faith    .   (no shield)
rNeg     + + +     Spirit   .   b - +0 robe
rPois    ∞         Reflect  .   c - +0 hat
rElec    .         Harm     .   h - +0 cloak
rCorr    .         Rampage  .   (no gloves)
Will     .....                  k - +0 pair of boots
Stlth    ++........             (no amulet)
HPRegen  0.13/turn              (no ring)
MPRegen  0.14/turn              (no ring)

@: no status effects
A: no potions, fire vulnerability, cold resistance 1, negative energy resistance
3, torment resistance, unbreathing
a: Renounce Religion


You were on level 5 of the Dungeon.
You worshipped Vehumet.
Vehumet was noncommittal.
You visited 2 branches of the dungeon, and saw 6 of its levels.

You collected 172 gold pieces.

Inventory:

Hand Weapons
 a - a +0 dagger
 e - a +3 dagger (weapon)
Missiles
 j - 8 atropa-tipped darts
Armour
 b - a +0 robe (worn)
 c - a +0 hat (worn)
 h - a +0 cloak (worn)
 k - a +0 pair of boots (worn)
Wands
 q - a wand of flame (22)
Scrolls
 d - 5 scrolls of teleportation {unknown}
 f - 5 scrolls of identify {unknown}
 g - a scroll of fear {unknown}
 i - a scroll of random uselessness {unknown}
 n - a scroll of enchant weapon {unknown}
 o - 2 scrolls of remove curse {unknown}
 p - a scroll of magic mapping {unknown}
 s - a scroll of enchant armour {unknown}
Potions
 l - a potion of ambrosia {unknown}
 m - 2 potions of attraction {unknown}
 r - a potion of curing {unknown}


   Skills:
 + Level 2.8 Dodging
 - Level 1.6 Stealth
 + Level 5.4 Spellcasting
 + Level 2.4 Conjurations
 - Level 2.4 Summonings
 - Level 0.7 Translocations
 + Level 1.1 Air Magic


You had 7 spell levels left.
You knew the following spells:

 Your Spells              Type           Power        Failure   Level
a - Magic Dart            Conj           48%          5%          1
b - Slow                  Hex            4%           22%         2
c - Call Imp              Summ           12%          9%          2
d - Mephitic Cloud        Conj/Pois/Air  8%           26%         3

Your spell library contained the following spells:

 Spells                   Type           Power        Failure   Level
 Blink                    Tloc           N/A          17%         2
 Conjure Flame            Conj/Fire      8%           26%         3


Dungeon Overview and Level Annotations

Branches:
Dungeon (5/15)             Temple (1/1) D:4

Altars:
Cheibriados
Dithmenos
Gozag
Hepliaklqana
Makhleb
Nemelex Xobeh
Okawaru
Qazlal
Ru
Trog
Uskayaw
Vehumet
Wu Jian
Xom
Yredelemnul
Zin
The Shining One

Annotations:
D:5 Dowan


Innate Abilities, Weirdness & Mutations

You do not drink.
Your flesh is vulnerable to fire.
You are immune to poison.
Your flesh is cold resistant. (rC+)
You are immune to negative energy. (rN+++)
You are immune to unholy pain and torment.
You can survive without breathing.


Message History

The centaur zombie is heavily damaged.
The centaur zombie barely misses you. The worker ant bites you.
Your crimson imp hits the centaur zombie.
The gnoll closely misses you.
You hit the centaur zombie.
The centaur zombie is heavily damaged.
The centaur zombie hits you.
* * * LOW HITPOINT WARNING * * *
The worker ant bites you.
* * * LOW HITPOINT WARNING * * *
The centaur zombie completely misses you.
The gnoll hits you from afar with a +0 spear.
* * * LOW HITPOINT WARNING * * *
Your crimson imp hits the centaur zombie.
The worker ant bites you.
* * * LOW HITPOINT WARNING * * *
You hit the centaur zombie.
The centaur zombie is severely damaged.
The centaur zombie hits you.
You die...

. ..####...<#
...####....#
#..#.##.[..#####
##......$........
...............#
##......s........
##.............###
#........Z.#......
#........@5#......
##...#....ZB###....
#...##..g..........
####...##.....5.##....
#.....................
##..............####...
#.......##......## .
##......##.......#...
##.....#.............


You could see a scorpion, a worker ant, a gnoll, 2 centaur zombies and 2
friendly crimson imps.

Vanquished Creatures
  A worker ant (D:3)
  A hound skeleton (D:4)
  4 gnolls
  5 adders
  A shadow imp (D:4)
  An ooze (D:3)
  2 worms (D:2)
  2 dart slugs
  A leopard gecko (D:2)
  5 orcs
  11 bats
  3 giant cockroaches
  6 goblins
  4 hobgoblins
  3 jackals (D:2)
  3 frilled lizards (D:1)
  A leopard gecko skeleton (D:4)
  15 rats
69 creatures vanquished.

Vanquished Creatures (collateral kills)
  Sigmund (D:2)
  A gnoll (D:3)
  An adder (D:2)
  A worm (D:3)
  A dart slug (D:1)
  A leopard gecko (D:3)
  3 orcs (D:4)
  2 frilled lizards
  2 goblins
  A kobold (D:1)
  2 rats (D:2)
16 creatures vanquished.

Grand Total: 85 creatures vanquished

Notes
Turn   | Place    | Note
-------+----------+-------------------------------------------
     0 | D:1      | Contigo the Mummy Hedge Wizard began the quest for the Orb.
     0 | D:1      | Reached XP level 1. HP: 13/13 MP: 5/5
   553 | D:1      | Reached skill level 1 in Conjurations
   554 | D:1      | Reached skill level 1 in Summonings
  1058 | D:1      | Reached XP level 2. HP: 19/19 MP: 4/7
  3686 | D:1      | Learned a level 2 spell: Slow
  3689 | D:1      | Learned a level 2 spell: Call Imp
  4998 | D:1      | Glimpsed the power of Zot.
  5260 | D:2      | Reached XP level 3. HP: 24/24 MP: 1/8
  5542 | D:2      | Noticed Sigmund
  5563 | D:2      | Killed Sigmund
  5564 | D:2      | Reached XP level 4. HP: 20/30 MP: 0/10
  5933 | D:2      | Reached skill level 5 in Spellcasting
  5933 | D:2      | Reached XP level 5. HP: 14/35 MP: 4/12
  6228 | D:2      | Learned a level 3 spell: Mephitic Cloud
  6305 | D:2      | Found a snail-covered altar of Cheibriados.
  7047 | D:3      | Found a faded altar of an unknown god.
  7570 | D:3      | Found a shadowy altar of Dithmenos.
  7971 | D:3      | Found a glowing golden altar of the Shining One.
  8973 | D:4      | Found an ornate altar of the Wu Jian Council.
  9048 | D:4      | Reached skill level 1 in Air Magic
  9522 | D:4      | Reached XP level 6. HP: 38/41 MP: 5/13
 10005 | D:4      | Found a staircase to the Ecumenical Temple.
 10017 | Temple   | Entered the Ecumenical Temple
 10295 | Temple   | Became a worshipper of Vehumet
 10380 | D:5      | Entered Level 5 of the Dungeon
 12606 | D:5      | Noticed Dowan
 12879 | D:5      | HP: 2/41 [worker ant (1)]
 12880 | D:5      | Slain by a centaur zombie

Illustrated notes

Levels and vault maps discovered:
D:1:      dpeg_arrival_subterranean_lakeside_camping, layout_basic
D:2:      layout_basic, lemuel_doored_altar, feat_on_display, uniq_sigmund
D:3:      layout_loops_ring, old_standard_altar,
          chequers_ecumenical_altar_twisty, nicolae_tso_carved_into_rock
D:4:      layout_layer_cave, marbit_many_paths, temple_hall
D:5:      layout_cave_pools, lemuel_blue_sif_altar, okawaru_trees_1,
          uniq_duvessa, uniq_crazy_yiuf_cottage
Temple:   minmay_temple_curvy_branch

Skill      XL: |  1  2  3  4  5 |
---------------+----------------+-----
Conjurations   | 1 2 |  2.4
Summonings     | 1 2 |  2.4
Dodging        | 2 |  2.8
Spellcasting   | 5 |  5.4
Air Magic      | 1 |  1.1
Stealth        | |  1.6
Translocations | |  0.7

Action                   |  1- 3 |  4- 6 || total
-------------------------+-------+-------++-------
Melee: Dagger            |    15 |   133 ||   148
Throw: Dart              |       |     2 ||     2
 Cast: Magic Dart        |    47 |    44 ||    91
       Call Imp          |     9 |    23 ||    32
       Slow              |       |     5 ||     5
       Mephitic Cloud    |       |     5 ||     5
 Stab: Confused          |       |     3 ||     3
Armor: Robe              |     3 |    39 ||    42
Dodge: Dodged            |    16 |   111 ||   127
